TOP OF THE 1ST |
Phoenix Hotspur Reserves batting - Pitching for Scranton Supernovas : RHP NaNomi Lojore
|
Pitching: RHP NaNomi Lojore
|
|
Batting: RHB Jesús Álvarez
|
0-0: Ball 1-0: Ball 2-0: Called Strike 2-1: Foul Ball, location: 2F 2-2: Foul Ball, location: 2F 2-2: Strikes out swinging
|
Batting: RHB Rubén Andrada
|
0-0: Called Strike 0-1: Ball 1-1: Ground out 5-3 (Groundball, 56S)
|
Batting: RHB Martín Talia
|
0-0: Called Strike 0-1: Ball 1-1: Fly out, F9 (Flyball, 9S)
|
Top of the 1st over - 0 runs, 0 hits, 0 errors, 0 left on base; Phoenix 0 - Scranton 0 |
BOTTOM OF THE 1ST |
Scranton Supernovas batting - Pitching for Phoenix Hotspur Reserves : RHP Jorge Cruzan
|
Pitching: RHP Jorge Cruzan
|
|
Batting: RHB Max Berman
|
0-0: Called Strike 0-1: Foul Ball, location: 2F 0-2: Foul Ball, location: 2F 0-2: Ball 1-2: Strikes out swinging
|
Batting: RHB Felipe Bruno
|
0-0: Ball 1-0: Ball 2-0: Foul Ball, location: 2F 2-1: Called Strike 2-2: Foul Ball, location: 2F 2-2: Foul Ball, location: 2F 2-2: Ground out 6-3 (Groundball, 6)
|
Batting: LHB Chase Popoff
|
0-0: Foul Ball, location: 2F 0-1: Fly out, F8 (Flyball, 8RM)
|
Bottom of the 1st over - 0 runs, 0 hits, 0 errors, 0 left on base; Phoenix 0 - Scranton 0 |
TOP OF THE 2ND |
Phoenix Hotspur Reserves batting - Pitching for Scranton Supernovas : RHP NaNomi Lojore
|
Batting: RHB Hieronymus Bosch
|
0-0: Foul Ball, location: 2F 0-1: Ball 1-1: Called Strike 1-2: Strikes out swinging
|
Batting: RHB Sinfronio Vitor
|
0-0: Called Strike 0-1: Ball 1-1: Called Strike 1-2: Ball 2-2: Fly out, F7 (Flyball, 7)
|
Batting: RHB Solomon Norment
|
0-0: Ball 1-0: Ball 2-0: Ball 3-0: Base on Balls
|
Batting: RHB José Souza
|
0-0: Called Strike 0-1: Fly out, F9 (Flyball, 89M)
|
Top of the 2nd over - 0 runs, 0 hits, 0 errors, 1 left on base; Phoenix 0 - Scranton 0 |
BOTTOM OF THE 2ND |
Scranton Supernovas batting - Pitching for Phoenix Hotspur Reserves : RHP Jorge Cruzan
|
Batting: LHB Rafael Sánchez
|
0-0: Ball 1-0: Called Strike 1-1: SINGLE (Flyball, 89M)
|
Batting: RHB José Rodríguez
|
0-0: Ball 1-0: Swinging Strike 1-1: Called Strike 1-2: Ball 2-2: Ball 3-2: Foul Ball, location: 2F 3-2: Strikes out looking
|
Batting: RHB Senior Pond
|
0-0: Called Strike 0-1: Ball 1-1: Foul Ball, location: 2F 1-2: Ball 2-2: Ball 3-2: Strikes out looking
|
Batting: LHB Todd Blankenburg
|
0-0: Called Strike 0-1: SINGLE (Groundball, 4MD) Rafael Sánchez to second Runner from 2nd tries for 3rd, SAFE, no throw
|
Batting: RHB Rodrigo Lugo
|
0-0: Called Strike 0-1: Foul Ball, location: 2F 0-2: Foul Ball, location: 2F 0-2: Ground out 5-3 (Groundball, 56S)
|
Bottom of the 2nd over - 0 runs, 2 hits, 0 errors, 2 left on base; Phoenix 0 - Scranton 0 |
TOP OF THE 3RD |
Phoenix Hotspur Reserves batting - Pitching for Scranton Supernovas : RHP NaNomi Lojore
|
Batting: RHB Satoshi Terada
|
0-0: Ball 1-0: Called Strike 1-1: Ball 2-1: Called Strike 2-2: Strikes out swinging
|
Batting: RHB Germán Alfaro
|
0-0: Called Strike 0-1: Ball 1-1: Ball 2-1: Foul Ball, location: 2F 2-2: Ball 3-2: Foul Ball, location: 2F 3-2: Foul Ball, location: 2F 3-2: Base on Balls
|
Batting: RHB Jesús Álvarez
|
0-0: Ball Germán Alfaro steals 2nd base 1-0: Ball 2-0: Ball 3-0: Foul Ball, location: 2F 3-1: SINGLE (Line Drive, 89S) Germán Alfaro to third Runner from 3rd tries for Home, SAFE, no throw
|
Batting: RHB Rubén Andrada
|
0-0: Called Strike 0-1: Ball 1-1: Foul Ball, location: 2F 1-2: Ball 2-2: Foul Ball, location: 2F 2-2: Hit by Pitch Jesús Álvarez to second
|
Batting: RHB Martín Talia
|
0-0: Foul Ball, location: 2F 0-1: Ball 1-1: Ball 2-1: Ball 3-1: Foul Ball, location: 2F 3-2: Foul Ball, location: 2F 3-2: Base on Balls Jesús Álvarez to third Rubén Andrada to second
|
Batting: RHB Hieronymus Bosch
|
0-0: Ball 1-0: Called Strike 1-1: Fly out, F8 (Flyball, 8RM) Runner from 3rd tags up, OUT at HOME
|
Top of the 3rd over - 1 run, 1 hit, 0 errors, 2 left on base; Phoenix 1 - Scranton 0 |
BOTTOM OF THE 3RD |
Scranton Supernovas batting - Pitching for Phoenix Hotspur Reserves : RHP Jorge Cruzan
|
Batting: RHB David Wooderson
|
0-0: Called Strike 0-1: Ball 1-1: Foul Ball, location: 2F 1-2: Ground out 5-3 (Groundball, 56)
|
Batting: RHB Max Berman
|
0-0: Ball 1-0: Foul Ball, location: 2F 1-1: Ground out 4-3 (Groundball, 4)
|
Batting: RHB Felipe Bruno
|
0-0: Foul Ball, location: 2F 0-1: Ball 1-1: Ball 2-1: Foul Ball, location: 2F 2-2: Fly out, F3 (Popup, 34)
|
Bottom of the 3rd over - 0 runs, 0 hits, 0 errors, 0 left on base; Phoenix 1 - Scranton 0 |
TOP OF THE 4TH |
Phoenix Hotspur Reserves batting - Pitching for Scranton Supernovas : RHP NaNomi Lojore
|
Batting: RHB Sinfronio Vitor
|
0-0: Ground out 6-3 (Groundball, 56)
|
Batting: RHB Solomon Norment
|
0-0: Foul Ball, location: 2F 0-1: Ground out 5-3 (Groundball, 56)
|
Batting: RHB José Souza
|
0-0: Swinging Strike 0-1: Ball 1-1: Called Strike 1-2: SINGLE (Line Drive, 34D)
|
Batting: RHB Satoshi Terada
|
0-0: Ball 1-0: Foul Ball, location: 2F 1-1: Ball 2-1: Foul Ball, location: 2F 2-2: Ball 3-2: Fly out, F9 (Flyball, 9S)
|
Top of the 4th over - 0 runs, 1 hit, 0 errors, 1 left on base; Phoenix 1 - Scranton 0 |
BOTTOM OF THE 4TH |
Scranton Supernovas batting - Pitching for Phoenix Hotspur Reserves : RHP Jorge Cruzan
|
Batting: LHB Chase Popoff
|
0-0: Called Strike 0-1: Foul Ball, location: 2F 0-2: Ball 1-2: Foul Ball, location: 2F 1-2: Fly out, F6 (Popup, 6M)
|
Batting: LHB Rafael Sánchez
|
0-0: Foul Ball, location: 2F 0-1: Ball 1-1: SINGLE (Line Drive, 3S)
|
Batting: RHB José Rodríguez
|
0-0: Swinging Strike 0-1: Ball 1-1: Foul Ball, location: 2F 1-2: Foul Ball, location: 2F 1-2: Foul Ball, location: 2F 1-2: Foul Ball, location: 2F 1-2: Foul Ball, location: 2F 1-2: Foul Ball, location: 2F 1-2: Foul Ball, location: 2F 1-2: Grounds into double play, 6-4-3 (Groundball, 6)
|
Bottom of the 4th over - 0 runs, 1 hit, 0 errors, 0 left on base; Phoenix 1 - Scranton 0 |
TOP OF THE 5TH |
Phoenix Hotspur Reserves batting - Pitching for Scranton Supernovas : RHP NaNomi Lojore
|
Batting: RHB Germán Alfaro
|
0-0: Swinging Strike 0-1: Ball 1-1: Called Strike 1-2: Strikes out swinging
|
Batting: RHB Jesús Álvarez
|
0-0: Ball 1-0: Ball 2-0: Called Strike 2-1: Swinging Strike 2-2: Ball 3-2: DOUBLE (Groundball, 3L)
|
Batting: RHB Rubén Andrada
|
0-0: Ball 1-0: Foul Ball, location: 2F 1-1: Ball 2-1: Foul Ball, location: 2F 2-2: Strikes out swinging
|
Batting: RHB Martín Talia
|
0-0: Fly out, F6 (Popup, 6)
|
Top of the 5th over - 0 runs, 1 hit, 0 errors, 1 left on base; Phoenix 1 - Scranton 0 |
BOTTOM OF THE 5TH |
Scranton Supernovas batting - Pitching for Phoenix Hotspur Reserves : RHP Jorge Cruzan
|
Batting: RHB Senior Pond
|
0-0: Foul Ball, location: 2F 0-1: Fly out, F7 (Flyball, 7)
|
Batting: LHB Todd Blankenburg
|
0-0: Called Strike 0-1: Ball 1-1: Ground out 6-3 (Groundball, 6)
|
Batting: RHB Rodrigo Lugo
|
0-0: Ball 1-0: Ball 2-0: Called Strike 2-1: Foul Ball, location: 2F 2-2: Strikes out swinging
|
Bottom of the 5th over - 0 runs, 0 hits, 0 errors, 0 left on base; Phoenix 1 - Scranton 0 |
TOP OF THE 6TH |
Phoenix Hotspur Reserves batting - Pitching for Scranton Supernovas : RHP NaNomi Lojore
|
Batting: RHB Hieronymus Bosch
|
0-0: Called Strike 0-1: Ball 1-1: Fly out, F7 (Flyball, 7LM)
|
Batting: RHB Sinfronio Vitor
|
0-0: Hit by Pitch
|
Batting: RHB Solomon Norment
|
0-0: Called Strike Sinfronio Vitor steals 2nd base 0-1: Ball 1-1: Called Strike 1-2: Ball 2-2: Ball 3-2: Foul Ball, location: 2F 3-2: Base on Balls
|
Batting: RHB José Souza
|
0-0: Swinging Strike 0-1: Foul Ball, location: 2F 0-2: Strikes out looking
|
Batting: RHB Satoshi Terada
|
0-0: Foul Ball, location: 2F 0-1: Ball 1-1: Foul Ball, location: 2F 1-2: Ball 2-2: Ball 3-2: Foul Ball, location: 2F 3-2: SINGLE (Line Drive, 6MD) Sinfronio Vitor to third Solomon Norment to second Sinfronio Vitor scores Solomon Norment to third
|
Pitching: LHP Mapuana Yara
|
|
Batting: RHB Germán Alfaro
|
0-0: Ball 1-0: Ball 2-0: Ball 3-0: Called Strike 3-1: Called Strike 3-2: Base on Balls Satoshi Terada to second
|
Batting: RHB Jesús Álvarez
|
0-0: Ball 1-0: Ball 2-0: Ball 3-0: Base on Balls Solomon Norment scores Satoshi Terada to third Germán Alfaro to second
|
Batting: RHB Rubén Andrada
|
0-0: Called Strike 0-1: Ball 1-1: Ball 2-1: Ball 3-1: Base on Balls Satoshi Terada scores Germán Alfaro to third Jesús Álvarez to second
|
Batting: RHB Martín Talia
|
0-0: Foul Ball, location: 2F 0-1: GRAND SLAM HOME RUN (Flyball, 9D), Distance : 390 ft
|
Batting: RHB Hieronymus Bosch
|
0-0: Foul Ball, location: 2F 0-1: Ball 1-1: Called Strike 1-2: Ball 2-2: SINGLE (Line Drive, 7LS)
|
Batting: RHB Sinfronio Vitor
|
0-0: Called Strike 0-1: Called Strike 0-2: Strikes out swinging
|
Top of the 6th over - 7 runs, 3 hits, 0 errors, 1 left on base; Phoenix 8 - Scranton 0 |
BOTTOM OF THE 6TH |
Scranton Supernovas batting - Pitching for Phoenix Hotspur Reserves : RHP Jorge Cruzan
|
Batting: RHB David Wooderson
|
0-0: Ball 1-0: Foul Ball, location: 2F 1-1: Reached on error, E6 (Groundball, 6)
|
Batting: RHB Max Berman
|
0-0: Fielders Choice at 2nd, 3-6 (Groundball, 3)
|
Batting: RHB Felipe Bruno
|
0-0: Ball 1-0: Called Strike 1-1: Foul Ball, location: 2F 1-2: Fly out, F8 (Flyball, 8RM)
|
Batting: LHB Chase Popoff
|
0-0: Called Strike Max Berman steals 2nd base 0-1: Foul Ball, location: 2F 0-2: Ball 1-2: Ball 2-2: Foul Ball, location: 2F 2-2: SINGLE (Flyball, 7LS) Max Berman to third Throwing error, E7 Max Berman scores Chase Popoff to second
|
Batting: LHB Rafael Sánchez
|
0-0: Ball 1-0: Ball 2-0: Called Strike 2-1: Foul Ball, location: 2F 2-2: SINGLE (Groundball, 34D) Chase Popoff to third Runner from 3rd tries for Home, SAFE, no throw
|
Batting: RHB José Rodríguez
|
0-0: Ball 1-0: Ball 2-0: Ball 3-0: Called Strike 3-1: Called Strike 3-2: Base on Balls Rafael Sánchez to second
|
Batting: RHB Senior Pond
|
0-0: Ball 1-0: Called Strike 1-1: Ball 2-1: Foul Ball, location: 2F 2-2: Fielders Choice at 2nd, 6-4 (Groundball, 6)
|
Bottom of the 6th over - 2 runs, 2 hits, 2 errors, 2 left on base; Phoenix 8 - Scranton 2 |
TOP OF THE 7TH |
Phoenix Hotspur Reserves batting - Pitching for Scranton Supernovas : LHP Mapuana Yara
|
Batting: RHB Solomon Norment
|
0-0: Ball 1-0: Foul Ball, location: 2F 1-1: Ball 2-1: Foul Ball, location: 2F 2-2: Ball 3-2: Base on Balls
|
Batting: RHB José Souza
|
0-0: Ball 1-0: Ball 2-0: Ball 3-0: Called Strike 3-1: Called Strike 3-2: Foul Ball, location: 2F 3-2: Fly out, F3 (Popup, 4S)
|
Batting: RHB Satoshi Terada
|
0-0: Called Strike 0-1: Swinging Strike 0-2: Ball 1-2: Foul Ball, location: 2F 1-2: Foul Ball, location: 2F 1-2: Ball 2-2: Strikes out swinging
|
Batting: RHB Germán Alfaro
|
0-0: Ball 1-0: Called Strike 1-1: Called Strike 1-2: Strikes out swinging
|
Top of the 7th over - 0 runs, 0 hits, 0 errors, 1 left on base; Phoenix 8 - Scranton 2 |
BOTTOM OF THE 7TH |
Scranton Supernovas batting - Pitching for Phoenix Hotspur Reserves : RHP Jorge Cruzan
|
Batting: LHB Todd Blankenburg
|
0-0: Called Strike 0-1: Ball 1-1: SINGLE (Line Drive, 4MD)
|
Pitching: LHP Félix Rivera
|
|
Batting: RHB Rodrigo Lugo
|
0-0: Fly out, F6 (Popup, 56D)
|
Batting: RHB David Wooderson
|
0-0: Called Strike 0-1: DOUBLE (Line Drive, 7LM) Todd Blankenburg to third
|
Batting: RHB Max Berman
|
0-0: Ball 1-0: Ball 2-0: Ball 3-0: Base on Balls
|
Batting: RHB Felipe Bruno
|
0-0: Foul Ball, location: 2F 0-1: Ball 1-1: Ball 2-1: Grounds into fielders choice 1-2 (Groundball, 15) David Wooderson to third Max Berman to second
|
Batting: LHB Chase Popoff
|
0-0: Swinging Strike 0-1: Swinging Strike 0-2: Ball 1-2: Ball 2-2: Ball 3-2: Strikes out swinging
|
Bottom of the 7th over - 0 runs, 2 hits, 0 errors, 3 left on base; Phoenix 8 - Scranton 2 |
TOP OF THE 8TH |
Phoenix Hotspur Reserves batting - Pitching for Scranton Supernovas : LHP Mapuana Yara
|
Batting: RHB Jesús Álvarez
|
0-0: Swinging Strike 0-1: Called Strike 0-2: SINGLE (Line Drive, 4M)
|
Batting: RHB Rubén Andrada
|
0-0: Ball 1-0: Fly out, F7 (Flyball, 78M)
|
Batting: RHB Martín Talia
|
0-0: 2-RUN HOME RUN (Flyball, 7LD), Distance : 353 ft
|
Batting: RHB Hieronymus Bosch
|
0-0: Called Strike 0-1: Ball 1-1: Foul Ball, location: 2F 1-2: Strikes out swinging, 2-3 out at first.
|
Batting: RHB Sinfronio Vitor
|
0-0: Ball 1-0: Ball 2-0: Ball 3-0: Called Strike 3-1: Base on Balls
|
Batting: RHB Solomon Norment
|
0-0: Ball 1-0: Fly out, F6 (Line Drive, 6)
|
Top of the 8th over - 2 runs, 2 hits, 0 errors, 1 left on base; Phoenix 10 - Scranton 2 |
BOTTOM OF THE 8TH |
Scranton Supernovas batting - Pitching for Phoenix Hotspur Reserves : LHP Félix Rivera
|
Batting: LHB Rafael Sánchez
|
0-0: SINGLE (Groundball, 34D)
|
Batting: RHB José Rodríguez
|
0-0: Ball 1-0: Ball 2-0: Called Strike 2-1: Ball 3-1: Swinging Strike 3-2: Grounds into double play, 4-6-3 (Groundball, 4M)
|
Batting: RHB Senior Pond
|
0-0: Called Strike 0-1: Ball 1-1: Ball 2-1: Swinging Strike 2-2: Foul Ball, location: 2F 2-2: Ball 3-2: Fly out, F8 (Flyball, 8LM)
|
Bottom of the 8th over - 0 runs, 1 hit, 0 errors, 0 left on base; Phoenix 10 - Scranton 2 |
TOP OF THE 9TH |
Phoenix Hotspur Reserves batting - Pitching for Scranton Supernovas : LHP Mapuana Yara
|
Batting: RHB José Souza
|
0-0: Swinging Strike 0-1: Foul Ball, location: 2F 0-2: Strikes out looking
|
Batting: RHB Satoshi Terada
|
0-0: Ball 1-0: Ball 2-0: Ball 3-0: Base on Balls
|
Pitching: LHP Nees Bogermans
|
|
Batting: RHB Germán Alfaro
|
0-0: Foul Ball, location: 2F 0-1: Ball 1-1: SINGLE (Groundball, 56D) Satoshi Terada to second
|
Batting: RHB Jesús Álvarez
|
0-0: Ball Wild Pitch! Satoshi Terada to third Germán Alfaro to second 1-0: SINGLE (Groundball, 6MD) Satoshi Terada scores Germán Alfaro to third Runner from 3rd tries for Home, SAFE, no throw
|
Batting: RHB Rubén Andrada
|
0-0: Ball 1-0: Called Strike 1-1: Ball 2-1: Foul Ball, location: 2F 2-2: Strikes out swinging
|
Batting: RHB Martín Talia
|
0-0: Ball 1-0: Ball 2-0: Foul Ball, location: 2F 2-1: Ball 3-1: Foul Ball, location: 2F 3-2: Base on Balls Jesús Álvarez to second
|
Batting: RHB Hieronymus Bosch
|
0-0: Ball 1-0: Ball 2-0: SINGLE (Line Drive, 6M) Jesús Álvarez to third Martín Talia to second Runner from 3rd tries for Home, SAFE, no throw
|
Batting: RHB Sinfronio Vitor
|
0-0: Ground out 3-1 (Groundball, 34)
|
Top of the 9th over - 3 runs, 3 hits, 0 errors, 2 left on base; Phoenix 13 - Scranton 2 |
BOTTOM OF THE 9TH |
Scranton Supernovas batting - Pitching for Phoenix Hotspur Reserves : LHP Félix Rivera
|
Batting: LHB Todd Blankenburg
|
0-0: Ground out 4-3 (Groundball, 4)
|
Batting: RHB Rodrigo Lugo
|
0-0: Ball 1-0: SINGLE (Groundball, 56D)
|
Batting: RHB David Wooderson
|
0-0: Ball 1-0: Called Strike 1-1: Called Strike 1-2: Hit by Pitch Rodrigo Lugo to second
|
Batting: RHB Max Berman
|
0-0: Fly out, F9 (Flyball, 9D) Runner from 2nd tags up, SAFE at 3rd, no throw
|
Batting: RHB Felipe Bruno
|
0-0: Ball 1-0: Ball 2-0: Ball 3-0: Called Strike 3-1: Base on Balls David Wooderson to second
|
Batting: LHB Chase Popoff
|
0-0: Ball 1-0: Called Strike 1-1: Ball 2-1: Ground out 4-3 (Groundball, 34D)
|
Bottom of the 9th over - 0 runs, 1 hit, 0 errors, 3 left on base; Phoenix 13 - Scranton 2 |
|